 Dungeon Crawl Stone Soup version 0.16-a0-3178-g2c88c44 (webtiles) character file.

105 Johnny the Bolt Thrower (level 5, 0/41 HPs)
             Began as a Human Hunter on Dec 16, 2014.
             Succumbed to an adder's poison
             ... on level 3 of the Dungeon.
             The game lasted 00:01:23 (1513 turns).

Johnny the Bolt Thrower (Human Hunter)              Turns: 1513, Time: 00:01:23

Health: 0/41       AC:  4    Str: 12    XL:     5   Next: 9%
Magic:  5/5        EV: 12    Int: 12    God:
Gold:   163        SH:  0    Dex: 14    Spells: 0 memorised, 4 levels left

rFire  . . .     SeeInvis .     b - +1 hand crossbow
rCold  . . .     Clarity  .     d - +0 leather armour
rNeg   . . .     SustAb   .     (no shield)
rPois  .         Gourm    .     y - +0 helmet
rElec  .         Spirit   .     (no cloak)
rCorr  .         Warding  .     (no gloves)
rMut   .         Stasis   .     (no boots)
MR     .....                    (no amulet)
Stlth  +.........               (no ring)
                                (no ring)

@: lethally poisoned, invisible, not resistant to hostile enchantments, very
unstealthy
A: no striking features
a: no special abilities


You were on level 3 of the Dungeon.
You were near starving.

You visited 1 branch of the dungeon, and saw 3 of its levels.

You collected 163 gold pieces.

Inventory:

Hand weapons
 a - a +0 short sword
 b - a +1 hand crossbow (weapon)
 o - a +1 mace of protection
 x - a cursed -2 dagger
Missiles
 c - 10 bolts (quivered)
 j - 10 bolts of flame
Armour
 d - a +0 leather armour (worn)
 y - a +0 helmet (worn)
Jewellery
 w - an uncursed ring of fire {unknown}
Magical devices
 r - a wand of confusion (10)
Scrolls
 h - a scroll of random uselessness {unknown}
 i - 3 scrolls of amnesia {unknown}
 k - 2 scrolls of fear {unknown}
 l - 2 scrolls of identify {unknown}
 m - a scroll of enchant armour {unknown}
 n - a scroll of recharging {unknown}
 q - a scroll of teleportation {unknown}
 t - a scroll of enchant weapon {unknown}
Potions
 s - a potion of poison {unknown}
 u - a potion of magic {unknown}
 v - a potion of curing {unknown}
Comestibles
 f - 4 bread rations
 g - a meat ration


   Skills:
 + Level 3.0 Fighting
 * Level 5.2 Crossbows
 + Level 2.6 Dodging
 - Level 1.0 Stealth


You had 4 spell levels left.
You didn't know any spells.

Dungeon Overview and Level Annotations

Branches:
Dungeon (3/15)

Altars:
Dithmenos


Message History

Press: ? - help, Shift-Dir - straight line, f/p - adder
Aim: an adder (almost dead)
You shoot a bolt. The bolt barely misses the adder.
* * * LOW HITPOINT WARNING * * *
You feel sick. The adder barely misses you. The adder bites you.
* * * LOW HITPOINT WARNING * * *
You are more poisoned.
The adder poisons you!
Unknown command.
Drink which item? (? for menu, Esc to quit)
It was a potion of cure mutation.
It has a very clean taste.
* * * LOW HITPOINT WARNING * * *
You feel sick. The adder bites you.
* * * LOW HITPOINT WARNING * * *
Unknown command.
Unknown command.
Drink which item? (? for menu, Esc to quit)
It was a potion of invisibility.
You fade into invisibility!
You die...

##########............#.#.##
...§.........................
#.§§§####........##......<#.##
. #.......#.........#.#
#.......#.........#.#
##.......#.........#.#
#........#.........#.#
#....................#
####.....@..###.........##
.........S.................
####............###.....##
#...)........# #.....#
#...(........# #.....#
#(.(.........###.....##
#............##........
....(....##..##........
..(..##.##.....#........


You could see an adder.

Vanquished Creatures
  Terence (D:3)
  5 adders
  An ooze (D:1)
  3 ball pythons
  5 bats
  7 hobgoblins
  4 jackals (D:2)
  5 giant cockroaches
  4 giant newts
  3 goblins
  6 kobolds
  2 rats
46 creatures vanquished.

Notes
Turn   | Place    | Note
--------------------------------------------------------------
     0 | D:1      | Johnny, the Human Hunter, began the quest for the Orb.
     0 | D:1      | Reached XP level 1. HP: 16/16 MP: 1/1
   164 | D:1      | Reached XP level 2. HP: 22/22 MP: 2/2
   500 | D:1      | Reached XP level 3. HP: 28/28 MP: 3/3
  1042 | D:2      | Reached XP level 4. HP: 34/34 MP: 4/4
  1378 | D:2      | Reached skill level 5 in Crossbows
  1472 | D:3      | Found a shadowy altar of Dithmenos.
  1491 | D:3      | Noticed Terence
  1501 | D:3      | Killed Terence
  1501 | D:3      | Reached XP level 5. HP: 23/41 MP: 5/5
  1512 | D:3      | HP: 1/41 [adder (2)]
  1513 | D:3      | Succumbed to an adder's poison

Action                   |  1- 3 |  4- 6 || total
-------------------------+-------+-------++-------
 Fire: Hand crossbow     |    71 |    54 ||   125
  Use: Potion            |       |     2 ||     2
